Map: Oceanborn LE

Players

ONSYDERyung (Ryung)

  • Race: Terran Terran
  • Spawn Location: 5:00

LiquidCure (Cure) - Winner!

  • Race: Terran Terran
  • League: Master
  • Spawn Location: 11:00

Event: IEM Katowice 2024

VOD

Have the link to the VOD?

Description

Time

  • Played on: Dec. 6, 2023, 4:36 a.m.
  • Length: 32:45

All games in this series

Show
View Real Time Build Order
Export as new Build Order

ONSYDERyung Terran 

Build Orders:  

Get SALT Encoding   

  12  0:00  SCV  
  13  0:12  SCV  
  14  0:17  Supply Depot  
  14  0:24  SCV  
  15  0:38  SCV  
  15  0:40  Barracks  
  16  0:44  Refinery  
  16  0:50  SCV  
  16  0:52  Refinery  
  17  1:02  SCV  
  18  1:14  SCV  
  19  1:27  Orbital Command, Reaper  
  19  1:32  Supply Depot  
  20  1:41  Factory  
  20  1:53  SCV  
  21  1:59  Reaper  
  22  2:05  SCV  
  23  2:17  SCV  
  23  2:22  Command Center  
  24  2:26  Hellion  
  24  2:29  SCV  
  27  2:31  Barracks Reactor  
  27  2:37  Supply Depot  
  27  2:41  SCV  
  28  2:48  Factory Tech Lab  
  28  2:51  Starport  
  28  2:54  SCV  
  29  3:06  Siege Tank, SCV  
  29  3:12  Marine x2  
  33  3:18  SCV  
  36  3:27  Medivac  
  36  3:30  SCV  
  39  3:34  Orbital Command, Marine  
  39  3:35  Marine  
  41  3:42  SCV  
  41  3:46  Factory Tech Lab  
  42  3:52  Marine x2  
  42  3:54  SCV  
  45  4:01  SCV  
  46  4:04  Raven  
  46  4:05  Cyclone  
  46  4:07  Supply Depot  
  46  4:08  SCV  
  51  4:13  SCV  
  52  4:20  SCV  
  53  4:24  Command Center  
  53  4:25  SCV  
  54  4:33  SCV  
  54  4:34  Interference Matrix  
  54  4:37  SCV  
  56  4:39  Siege Tank  
  56  4:42  Refinery  
  56  4:44  Supply Depot  
  56  4:45  SCV  
  60  4:49  Marine x2  
  62  4:54  SCV  
  62  4:59  SCV  
  57  5:05  Raven  
  57  5:06  SCV  
  61  5:08  Supply Depot  
  61  5:11  SCV  
  61  5:17  Barracks, Marine  
  61  5:18  SCV  
  61  5:19  Barracks  
  61  5:20  Stimpack  
  63  5:22  Engineering Bay x2  
  63  5:24  Factory Reactor  
  63  5:25  SCV  
  64  5:30  SCV  
  65  5:37  SCV, Marine, Refinery  
  65  5:39  Orbital Command  
  65  5:42  SCV  
  68  5:48  Starport Reactor, Terran Infantry Weapons Level 1  
  69  5:50  SCV  
  69  5:57  Barracks  
  69  5:58  Barracks  
  69  6:00  SCV  
  69  6:01  Terran Infantry Armor Level 1  
  69  6:02  SCV  
  71  6:07  SCV  
  72  6:11  Orbital Command, Supply Depot  
  72  6:13  Siege Tank  
  72  6:15  Supply Depot  
  72  6:18  Marine x5  
  76  6:20  SCV  
  76  6:21  SCV  
  81  6:26  Medivac  
  81  6:27  Medivac  
  85  6:33  SCV x2  
  85  6:39  Marine x4  
  91  6:41  Missile Turret  
  91  6:44  Missile Turret  
  91  6:48  Siege Tank  
  91  6:51  SCV x3  
  91  6:52  Marine  
  99  6:54  Refinery  
  99  6:55  Refinery  
  99  6:56  Marine  
  99  6:59  Marine x3  
  102  7:03  Combat Shield, SCV x3  
  102  7:05  Barracks Reactor, Medivac  
  106  7:15  Sensor Tower, SCV x2  
  106  7:16  SCV  
  106  7:22  Supply Depot  
  109  7:23  Supply Depot  
  109  7:27  Barracks Reactor  
  109  7:33  Armory  
  109  7:36  Marine  
  109  7:37  Marine x3, SCV x3  
  109  7:38  Marine  
  109  7:39  Siege Tank  
  113  7:47  Marine x2  
  113  7:50  SCV x3  
  116  7:53  Marine  
  116  7:55  Marine x2  
  116  7:57  Marine x2  
  119  8:00  Viking x2  
  119  8:03  Marine x2  
  119  8:04  Factory  
  121  8:05  Marine x2  
  121  8:07  Supply Depot  
  121  8:11  Marine  
  121  8:12  Supply Depot, Marine  
  124  8:16  Marine x3  
  124  8:17  Siege Tank, Supply Depot  
  124  8:18  Supply Depot  
  131  8:21  Marine x2  
  131  8:25  Terran Infantry Weapons Level 2, Terran Infantry Armor Level 2  
  133  8:28  SCV x3, Marine x2  
  133  8:29  Marine  
  133  8:30  Marine  
  140  8:34  Marine  
  140  8:40  Viking  
  140  8:41  Viking  
  145  8:45  SCV  
  145  8:47  Command Center, SCV  
  147  8:48  Marine x2  
  144  8:56  Siege Tank  
  144  9:02  Marine x4  
  128  9:04  Factory Tech Lab  
  128  9:05  Marine x3  
  128  9:06  Marine  
  132  9:12  Viking x2, Marine  
  137  9:19  Marine x4  
  137  9:23  Marine x3  
  144  9:24  Siege Tank  
  144  9:26  Marine  
  144  9:28  Siege Tank  
  144  9:30  Marine  
  150  9:32  Terran Vehicle Weapons Level 1  
  150  9:37  Marine x2  
  152  9:45  Liberator x2  
  157  9:52  Marine x2  
  157  9:53  Marine x4  
  157  9:56  Marine x2  
  157  9:58  Marine  
  157  9:59  Siege Tank  
  169  10:01  Supply Depot  
  169  10:04  Supply Depot  
  166  10:10  Marine  
  167  10:20  Siege Tank  
  170  10:25  Marine x4  
  174  10:31  Siege Tank  
  174  10:32  Marine x4  
  175  10:43  Medivac x2  
  175  10:49  Marine x4  
  183  10:50  Sensor Tower  
  183  10:53  Siege Tank  
  186  11:04  Marine x2  
  186  11:05  Marine x2  
  187  11:16  Siege Tank  
  189  11:31  Viking x2  
  193  11:32  Terran Vehicle Weapons Level 2  
  193  11:35  SCV  
  193  11:36  SCV x2  
  193  11:37  Planetary Fortress  
  193  11:38  Starport x2  
  192  11:40  Missile Turret  
  192  11:43  Siege Tank  
  195  11:55  Missile Turret x2  
  195  12:10  Siege Tank  
  195  12:13  Refinery x2  
  195  12:15  Starport Tech Lab x2, Command Center, Supply Depot  
  196  12:16  Command Center  
  196  12:20  Missile Turret x2  
  196  12:22  Missile Turret  
  193  12:30  Armory  
  193  12:31  Sensor Tower  
  193  12:32  Siege Tank  
  193  12:35  SCV x3  
  196  12:42  Siege Tank  
  196  12:43  Marine  
  200  12:47  SCV, Marine x2  
  200  12:48  Marine x4  
  200  12:49  Marine x2  
  172  13:04  Siege Tank, Marine  
  172  13:05  Marine x2  
  164  13:06  Raven x2, Marine x3  
  171  13:14  Siege Tank  
  171  13:17  Viking  
  171  13:18  Viking  
  169  13:26  Sensor Tower  
  164  13:32  Orbital Command  
  164  13:36  Siege Tank  
  167  13:50  Viking x2  
  167  13:51  Raven  
  167  13:52  Raven  
  167  13:54  Terran Vehicle And Ship Armor Level 1  
  167  13:55  Terran Ship Weapons Level 1  
  175  14:02  Missile Turret x2  
  173  14:10  Siege Tank x2  
  173  14:20  Viking x2  
  177  14:25  Starport  
  177  14:26  Starport  
  177  14:37  Raven x2  
  170  14:42  Siege Tank x2  
  176  14:46  Command Center  
  176  14:51  Missile Turret  
  176  14:59  Missile Turret  
  176  15:03  Missile Turret  
  176  15:05  Sensor Tower  
  175  15:11  Starport Tech Lab, Starport Reactor  
  174  15:17  Raven x2  
  178  15:27  Planetary Fortress  
  176  15:34  Siege Tank x2  
  176  15:35  Terran Infantry Weapons Level 3  
  182  15:37  Viking  
  184  15:45  Missile Turret, Refinery  
  184  15:47  Missile Turret  
  184  15:56  Terran Ship Weapons Level 2, Terran Vehicle And Ship Armor Level 2  
  181  16:02  Orbital Command  
  181  16:05  Refinery  
  181  16:09  Missile Turret  
  181  16:31  Viking x7, Sensor Tower  
  181  16:32  Missile Turret  
  190  16:52  Sensor Tower  
  190  16:54  Command Center  
  190  16:59  Sensor Tower  
  190  17:07  Command Center  
  189  17:19  Missile Turret  
  189  17:20  Siege Tank x2  
  189  17:23  Missile Turret  
  188  17:50  Orbital Command  
  182  18:01  Viking  
  182  18:02  Viking x3  
  182  18:03  Fusion Core  
  190  18:08  Sensor Tower  
  190  18:09  Refinery  
  190  18:10  Missile Turret, Refinery  
  190  18:11  Missile Turret  
  190  18:17  Viking  
  192  18:20  Terran Infantry Armor Level 3  
  192  18:23  Viking x2, Barracks  
  192  18:25  Barracks  
  196  18:31  Viking  
  198  18:36  Missile Turret  
  197  18:44  Missile Turret x2, Terran Ship Weapons Level 3  
  197  18:47  Terran Vehicle And Ship Armor Level 3  
  186  19:03  Viking x3  
  180  19:13  Siege Tank  
  180  19:16  Siege Tank  
  173  19:49  Viking x4  
  173  19:51  Siege Tank  
  173  19:52  Siege Tank  
  186  20:35  Siege Tank x2  
  192  20:36  Barracks Reactor x2  
  168  20:50  Viking x2  
  168  20:51  Viking  
  170  20:58  Viking x2  
  170  21:00  Viking  
  170  21:02  Planetary Fortress  
  176  21:08  SCV x4  
  181  21:11  Planetary Fortress  
  181  21:14  SCV x2  
  182  21:20  SCV  
  183  21:27  SCV x3  
  183  21:28  SCV  
  187  21:36  SCV x2  
  187  21:39  SCV x2  
  168  21:54  Raven x3  
  168  21:55  Siege Tank x2  
  168  21:56  Viking x4  
  168  22:07  SCV x3  
  168  22:08  SCV x3  
  172  22:10  SCV  
  173  22:19  SCV x2  
  173  22:20  SCV  
  171  22:26  Viking  
  171  22:27  Siege Tank x2  
  174  22:31  Viking x3  
  174  22:32  Viking  
  177  22:43  Missile Turret  
  164  22:44  Missile Turret  
  164  22:52  Viking x2  
  164  22:56  Viking  
  170  23:01  Viking x2  
  170  23:04  Viking  
  170  23:05  Viking  
  175  23:06  Siege Tank  
  178  23:15  Siege Tank  
  172  23:22  Viking x2  
  172  23:24  Marine x4  
  179  23:28  Marine x3  
  179  23:29  Marine  
  179  23:30  Marine  
  179  23:31  Marine x2  
  179  23:32  Marine  
  179  23:33  Marine  
  190  23:38  Siege Tank  
  186  23:42  Marine x4  
  186  23:45  Marine x2  
  186  23:46  Marine  
  186  23:47  Marine  
  194  23:55  Raven x3  
  199  24:06  Marine x2  
  161  24:24  Marine x6  
  161  24:27  Marine x2  
  161  24:30  Raven x3  
  158  24:33  Marine x5  
  158  24:36  Siege Tank x2  
  166  24:42  Marine x6  
  166  24:45  Marine x2  
  169  24:50  Marine x2, Refinery  
  169  24:51  Marine x3, Refinery  
  168  25:00  Marine x6  
  168  25:03  Marine x2  
  176  25:08  Marine x4  
  176  25:09  Marine  
  176  25:14  Raven x3  
  179  25:18  Marine x6  
  179  25:21  Marine x2  
  183  25:26  Marine x4  
  183  25:27  Marine  
  181  25:35  Marine x2  
  181  25:36  Marine x2  
  181  25:38  Marine x4  
  184  25:44  Marine x4  
  184  25:45  Siege Tank x2, Marine  
  189  25:53  Marine x4  
  189  25:56  Marine x4  
  195  26:02  Marine x5  
  199  26:11  Marine  
  199  26:23  Orbital Command  
  182  26:27  Siege Tank x2  
  182  26:29  Marine x4  
  179  26:37  Marine x4  
  181  26:50  Marine  
  162  26:55  Marine x4  
  162  26:58  Marine x2  
  162  26:59  Siege Tank x2  
  167  27:09  Marine  
  158  27:25  Raven x2, Marine x4  
  158  27:30  Marine x6  
  158  27:31  Siege Tank x2, Marine x3  
  171  27:43  Marine  
  172  27:45  Medivac x3  
  172  27:46  Marine x2  
  172  27:47  Marine  
  172  27:48  Marine x2  
  172  27:49  Marine x2  
  172  27:50  Marine  
  186  27:54  Marine x4  
  187  28:03  Siege Tank  
  187  28:22  Raven x3  
  187  28:23  Marine x4  
  187  28:24  Marine x4  
  193  28:29  Refinery x2  
  193  28:31  SCV x2  
  193  28:32  SCV  
  193  28:56  Raven  
  193  28:57  Raven x2  
  196  29:19  Marine x4  
  188  30:07  Marine x10  
  180  30:08  Marine x3  
  189  30:24  Siege Tank, Marine x2  
  189  30:25  Missile Turret, Marine x3  
  195  30:43  Marine x2  
  195  30:45  Siege Tank  
  200  30:59  Siege Tank  
  181  31:06  Marine x2  
  181  31:07  Marine x8  
  181  31:08  Marine x2  
  190  31:17  Siege Tank  
  188  31:49  Marine x6  
  189  31:55  Marine x7  
  196  32:06  Marine  
  183  32:26  Marine x2  
Show
View Real Time Build Order
Export as new Build Order

LiquidCure Terran - Winner!

Build Orders: Reaper Expand 

Get SALT Encoding   

  12  0:00  SCV  
  13  0:12  SCV  
  14  0:17  Supply Depot  
  14  0:24  SCV  
  15  0:38  SCV  
  15  0:40  Barracks  
  15  0:42  Refinery  
  16  0:50  SCV  
  17  1:03  SCV  
  18  1:15  SCV  
  19  1:27  Orbital Command, Reaper  
  20  1:40  Command Center  
  20  1:47  Supply Depot  
  20  1:53  SCV  
  21  1:59  Marine  
  22  2:05  SCV  
  23  2:08  Factory  
  23  2:14  Bunker  
  23  2:17  SCV  
  23  2:19  Marine  
  25  2:25  Refinery  
  25  2:29  SCV  
  26  2:39  Barracks Reactor  
  26  2:41  SCV  
  27  2:51  Orbital Command  
  27  2:53  Starport  
  27  2:55  Hellion  
  27  2:56  SCV  
  30  3:09  SCV  
  31  3:15  Marine x2  
  31  3:16  Factory Tech Lab  
  31  3:18  SCV  
  34  3:21  SCV  
  34  3:25  Supply Depot  
  35  3:30  SCV  
  35  3:32  Refinery  
  35  3:33  SCV, Marine x2  
  39  3:38  Raven  
  39  3:40  Cyclone  
  43  3:43  SCV  
  43  3:45  Supply Depot  
  43  3:46  SCV  
  43  3:48  Interference Matrix  
  45  3:52  Marine x2  
  47  3:56  SCV  
  47  3:58  SCV  
  49  4:08  SCV  
  50  4:10  SCV  
  50  4:13  Raven  
  50  4:14  Factory Tech Lab  
  53  4:20  Command Center  
  53  4:21  SCV  
  53  4:22  SCV  
  55  4:25  Supply Depot  
  55  4:28  Marine x2  
  57  4:33  Siege Tank, Supply Depot  
  57  4:35  Supply Depot  
  60  4:45  Supply Depot  
  60  4:55  SCV, Marine  
  60  4:56  Raven, SCV, Marine  
  66  5:03  Barracks  
  66  5:04  Barracks  
  66  5:05  Siege Tank  
  69  5:07  SCV  
  69  5:08  SCV  
  71  5:17  Command Center  
  71  5:19  SCV  
  71  5:20  SCV  
  73  5:26  Refinery  
  73  5:31  Supply Depot  
  73  5:33  SCV x2  
  75  5:39  Siege Tank, Engineering Bay x2  
  49  5:42  Stimpack  
  78  5:47  Starport Reactor  
  78  5:51  Barracks Reactor  
  78  5:52  SCV x2, Marine  
  78  5:56  Barracks  
  81  5:59  Barracks  
  81  6:00  Supply Depot  
  81  6:05  Terran Infantry Weapons Level 1, Terran Infantry Armor Level 1  
  81  6:08  Marine  
  81  6:09  Marine  
  83  6:11  Marine  
  83  6:13  SCV x2  
  86  6:22  Siege Tank  
  88  6:30  Missile Turret  
  88  6:32  Marine x5, SCV x2  
  90  6:37  Supply Depot  
  90  6:38  Missile Turret  
  95  6:41  Medivac x2  
  99  6:49  Barracks Reactor, SCV x2  
  99  6:50  Barracks Reactor  
  100  6:55  Orbital Command  
  100  6:59  Armory  
  100  7:01  Supply Depot, SCV x2  
  101  7:03  Marine x4  
  101  7:05  Marine  
  107  7:09  Siege Tank  
  107  7:15  SCV x2  
  112  7:23  Marine x4  
  112  7:24  Combat Shield, Marine  
  112  7:27  SCV x2  
  112  7:28  Supply Depot  
  112  7:29  SCV  
  120  7:30  Supply Depot  
  120  7:32  Marine x4  
  120  7:40  Medivac  
  120  7:41  Marine x2, Medivac  
  120  7:43  Marine  
  125  7:49  Marine x2  
  125  7:50  Marine x4  
  131  7:59  Marine x2  
  131  8:00  SCV  
  131  8:01  SCV x2, Refinery x2  
  131  8:02  Supply Depot  
  131  8:03  Marine  
  131  8:04  Sensor Tower  
  137  8:07  Marine x2  
  137  8:08  Terran Infantry Weapons Level 2, Marine x2  
  137  8:11  Terran Infantry Armor Level 2  
  137  8:12  Supply Depot  
  141  8:24  Siege Tank, Marine x5  
  149  8:28  Supply Depot  
  149  8:31  Supply Depot  
  149  8:33  SCV x2, Marine x4  
  153  8:41  Marine x4  
  157  8:50  Medivac, Marine  
  157  8:51  Marine x4  
  157  8:59  Marine x4, SCV x3  
  138  9:07  Marine  
  138  9:08  Marine x3  
  137  9:10  Siege Tank  
  137  9:13  Medivac  
  137  9:14  Terran Vehicle Weapons Level 1  
  142  9:17  Marine x4  
  142  9:22  Factory  
  142  9:23  Command Center  
  145  9:25  Marine  
  145  9:26  Marine x3  
  145  9:30  Barracks Reactor, Medivac  
  151  9:35  Marine x2  
  151  9:37  Marine x2  
  155  9:43  Marine  
  155  9:44  Missile Turret, Marine  
  157  9:45  Marine x2  
  157  9:46  Siege Tank  
  162  9:53  Supply Depot, Marine x2  
  162  9:54  Supply Depot x2  
  164  10:02  Medivac x2  
  164  10:06  Marine x5  
  173  10:15  Marine  
  173  10:19  Marine x2  
  176  10:21  Barracks  
  176  10:23  Barracks x2  
  173  10:29  Terran Infantry Weapons Level 3  
  173  10:31  Terran Infantry Armor Level 3  
  166  10:43  Siege Tank x2  
  172  10:50  SCV x3  
  172  10:56  Medivac x2  
  179  11:02  Sensor Tower  
  177  11:12  Barracks Reactor x3  
  177  11:14  Planetary Fortress  
  177  11:22  Siege Tank x2  
  183  11:27  Marine x8  
  183  11:30  Command Center, Medivac  
  183  11:32  Medivac  
  195  11:43  Terran Vehicle Weapons Level 2  
  195  11:50  Marine x2  
  195  11:51  Marine x3  
  199  12:13  Refinery  
  199  12:15  Missile Turret  
  199  12:25  Missile Turret  
  199  12:27  Command Center  
  199  12:28  Command Center  
  199  12:32  Command Center  
  193  12:46  Marine x4  
  193  12:48  Siege Tank x2  
  156  12:52  Marine x2  
  156  12:53  Marine x2  
  156  12:54  Marine x6  
  165  13:04  Viking x2  
  162  13:05  Marine x4  
  162  13:06  Marine x2  
  162  13:10  Marine  
  168  13:16  Marine x7  
  168  13:18  Planetary Fortress  
  172  13:20  Siege Tank x2  
  172  13:21  SCV x3  
  172  13:23  Marine x4  
  183  13:27  SCV  
  183  13:33  SCV x2  
  183  13:34  SCV  
  184  13:38  Viking x2  
  188  13:47  Marine x6  
  194  13:52  Orbital Command x2  
  194  13:53  Siege Tank  
  197  13:56  Orbital Command  
  197  14:01  Starport  
  197  14:03  Starport  
  197  14:12  Viking  
  196  14:19  Viking  
  198  14:26  Barracks Reactor  
  198  14:31  Barracks Reactor  
  198  14:33  Siege Tank x2  
  198  14:34  Starport  
  183  14:42  Viking  
  185  14:45  Starport Reactor  
  185  14:49  Marine x2  
  185  14:50  Marine x4  
  191  15:01  Command Center  
  191  15:03  Viking  
  192  15:12  Viking  
  192  15:13  Viking x2  
  190  15:15  Viking x2  
  190  15:16  Terran Vehicle Weapons Level 3  
  190  15:17  Fusion Core  
  192  15:29  SCV  
  192  15:30  SCV x5  
  192  15:32  Viking  
  200  15:52  Missile Turret  
  200  15:53  Missile Turret  
  200  16:02  Refinery  
  200  16:03  Caduceus Reactor, Refinery  
  200  16:05  Sensor Tower  
  200  16:06  Missile Turret x2  
  200  16:09  Hi-Sec Auto Tracking, Neosteel Armor  
  200  16:10  Armory  
  200  16:17  Planetary Fortress  
  193  16:19  Viking  
  193  16:20  Viking x2  
  199  16:31  Liberator  
  198  16:33  Refinery  
  198  16:34  Refinery  
  198  16:35  Refinery  
  198  16:36  Refinery  
  196  16:45  Command Center  
  196  16:51  Missile Turret  
  196  16:52  Liberator  
  199  16:59  Advanced Ballistics  
  199  17:00  Liberator x2  
  187  17:24  Liberator x2  
  187  17:25  Liberator  
  195  17:30  Siege Tank x2  
  195  17:34  Viking  
  195  17:35  Viking  
  195  17:36  Viking  
  194  17:43  Viking x2  
  197  17:45  Terran Ship Weapons Level 1  
  189  17:53  Marine x2  
  189  17:54  Marine x4  
  193  18:04  Viking x2  
  197  18:05  Command Center  
  197  18:06  Viking  
  197  18:10  Refinery  
  199  18:13  Missile Turret  
  199  18:14  Sensor Tower, Refinery  
  199  18:25  Planetary Fortress, Missile Turret  
  199  18:28  Missile Turret  
  199  18:32  Missile Turret  
  199  18:52  Terran Vehicle And Ship Armor Level 1  
  199  18:54  Viking x2  
  196  19:18  Missile Turret  
  196  19:20  Missile Turret  
  194  19:33  Viking x3  
  194  19:35  Orbital Command  
  200  19:40  Missile Turret  
  200  19:43  Missile Turret  
  199  19:57  Viking x2  
  200  20:01  Missile Turret  
  198  20:23  Missile Turret  
  194  20:30  Liberator x2  
  194  20:39  Viking x2  
  189  20:46  Terran Ship Weapons Level 2, Terran Vehicle And Ship Armor Level 2  
  189  20:48  Viking x4  
  180  20:55  Siege Tank x2  
  182  21:09  Viking x2  
  194  21:13  Viking x2  
  194  21:18  Viking x4  
  198  21:25  Missile Turret  
  196  21:39  Viking x2  
  200  21:43  Viking  
  199  21:47  Viking  
  199  21:53  Viking, Liberator x3  
  183  21:54  Siege Tank  
  183  21:55  Siege Tank  
  169  22:09  Viking x2  
  169  22:13  Liberator  
  169  22:14  Barracks Reactor  
  176  22:17  Viking  
  176  22:19  Starport  
  178  22:23  Viking  
  178  22:35  Viking  
  178  22:36  Viking x2  
  184  22:39  Viking x2  
  182  22:47  Viking  
  184  22:53  Viking  
  184  22:56  Viking  
  184  22:57  Viking  
  184  22:58  Viking  
  189  23:00  Siege Tank x2  
  195  23:05  Viking  
  195  23:06  Viking  
  199  23:14  Terran Vehicle And Ship Armor Level 3, Terran Ship Weapons Level 3  
  199  23:25  Missile Turret  
  199  23:47  Command Center  
  196  24:00  Siege Tank  
  199  24:11  Sensor Tower  
  199  24:21  Viking x2  
  199  24:22  Viking x2  
  199  24:23  Missile Turret  
  192  24:24  Missile Turret x2  
  192  24:25  Missile Turret x2  
  192  24:26  Marine x6  
  192  24:28  Missile Turret  
  157  24:33  Liberator x3  
  163  24:49  Siege Tank x2  
  163  24:50  Liberator x3, Missile Turret  
  178  24:55  Viking  
  178  24:56  Viking x2  
  184  25:01  Missile Turret  
  184  25:06  Marine x4  
  187  25:07  Marine x4  
  188  25:14  Liberator  
  188  25:16  Liberator x2  
  196  25:28  Siege Tank  
  199  25:32  Missile Turret  
  199  25:39  Factory  
  185  25:52  Liberator x2  
  185  25:56  Siege Tank  
  194  26:00  Siege Tank, Liberator  
  192  26:28  Siege Tank  
  192  26:32  Siege Tank  
  177  26:34  Liberator x2  
  177  26:35  Liberator  
  177  26:37  Marine x4  
  177  26:38  Marine x2  
  182  26:42  Factory Tech Lab  
  182  26:43  Marine x4  
  186  26:54  Marine x6  
  163  26:55  Marine x3  
  163  26:56  Marine x3  
  163  27:00  Siege Tank  
  163  27:01  Marine x4  
  158  27:03  Liberator x3  
  158  27:04  Liberator  
  158  27:05  Orbital Command  
  172  27:11  Liberator, Marine x2  
  172  27:12  Liberator x2, Marine x2  
  185  27:20  Liberator x2  
  184  27:30  Siege Tank  
  184  27:41  Medivac  
  184  27:43  Siege Tank  
  189  27:46  Medivac  
  191  28:02  Siege Tank  
  196  28:05  Medivac  
  196  28:11  Medivac  
  198  28:30  Command Center  
  197  28:44  Siege Tank  
  200  29:17  Planetary Fortress  
  197  29:24  Siege Tank  
  200  29:38  Factory Tech Lab  
  200  29:46  Sensor Tower  
  199  30:06  Missile Turret  
  198  30:10  Missile Turret  
  198  30:14  Orbital Command  
  198  30:15  Missile Turret  
  198  30:21  Missile Turret  
  198  30:25  Sensor Tower  
  198  30:28  Siege Tank  
  198  30:32  Missile Turret  
  197  30:36  Siege Tank  
  197  30:41  Command Center  
  197  30:43  Siege Tank  
  196  31:03  Liberator x2  
  200  31:07  Command Center  
  200  31:09  Missile Turret  
  200  31:10  Missile Turret  
  200  31:17  Missile Turret  
  197  31:39  Command Center  
  193  31:41  Siege Tank x2  
  193  31:46  Liberator  
  199  31:53  Command Center  
  199  31:56  Sensor Tower  
  199  31:57  Orbital Command  

Tags
 
Add a new tag
Caveats
  • Supply blocks, unpowered buildings, or Contaminate may cause inaccurate times.
  • Supply counts are checked every 10 seconds.